 Dungeon Crawl Stone Soup version 0.17-a0-186-g8d083fd (webtiles) character file.

86 squibie the Ducker (level 4, -13/37 HPs)
             Began as a Demigod Wanderer on Mar 27, 2015.
             Mangled by a goliath beetle (18 damage)
             ... on level 3 of the Dungeon.
             The game lasted 00:03:59 (1612 turns).

squibie the Ducker (Demigod Wanderer)               Turns: 1612, Time: 00:03:59

Health: -13/37     AC:  2    Str: 14    XL:     4   Next: 6%
Magic:  0/7        EV: 13    Int: 18    God:
Gold:   100        SH:  0    Dex: 16    Spells: 0 memorised, 3 levels left

rFire  . . .     SeeInvis .     y - +2 long sword (holy)
rCold  . . .     Clarity  .     d - +0 robe
rNeg   . . .     SustAb   +     (no shield)
rPois  .         Gourm    .     (no helmet)
rElec  .         Spirit   +     (no cloak)
rCorr  .         Warding  .     (no gloves)
rMut   .         Stasis   .     (no boots)
MR     .....                    s - amulet of guardian spirit
Stlth  ++........               (no ring)
                                (no ring)

@: not resistant to hostile enchantments, unstealthy
A: sustain abilities
a: no special abilities


You were on level 3 of the Dungeon.
You were very hungry.

You visited 1 branch of the dungeon, and saw 3 of its levels.

You collected 100 gold pieces.

Inventory:

Hand weapons
 a - a +2 quarterstaff
 b - a +0 hand crossbow
 e - a +0 dagger
 u - a +4 short sword of venom
 y - a +2 long sword of holy wrath (weapon)
Missiles
 f - 22 bolts
Armour
 d - a +0 robe (worn)
 v - a +0 chain mail
Jewellery
 s - an amulet of guardian spirit (around neck)
 x - an uncursed ring of loudness
Scrolls
 h - a scroll of magic mapping {unknown}
 i - 3 scrolls of identify
 n - 3 scrolls of remove curse
 p - a scroll of fear {unknown}
 q - a scroll of random uselessness {unknown}
 t - a scroll of noise {unknown}
 w - 2 scrolls of enchant weapon
Potions
 j - a potion of invisibility
 k - 2 potions of agility {unknown}
 l - a potion of beneficial mutation {unknown}
 r - 4 potions of curing {unknown}
Comestibles
 g - a bread ration
 m - 2 meat rations
 o - a royal jelly


   Skills:
 - Level 2.6 Fighting
 - Level 1.0 Short Blades
 + Level 0.0(0.4) Long Blades
 - Level 2.6 Staves
 - Level 1.0 Throwing
 - Level 3.3 Dodging
 - Level 2.6 Stealth


You had 3 spell levels left.
You didn't know any spells.

Dungeon Overview and Level Annotations

Branches:
Dungeon (3/15)


Innate Abilities, Weirdness & Mutations

Your attributes are resistant to harm.


Message History

* * * LOW HITPOINT WARNING * * *
You hit the goliath beetle but do no damage.
The goliath beetle is severely wounded.
You hit the goliath beetle but do no damage.
The goliath beetle is severely wounded.
The goliath beetle barely misses you.
You hit the goliath beetle but do no damage.
The goliath beetle is severely wounded.
The goliath beetle bites you but does no damage.
You hit the goliath beetle.
The goliath beetle is severely wounded.
You hit the goliath beetle but do no damage.
The goliath beetle is severely wounded.
The goliath beetle bites you.
* * * LOW HITPOINT WARNING * * *
You hit the goliath beetle but do no damage.
The goliath beetle is severely wounded.
You feel less woody.
Your +0 robe unmelds from your body.
The goliath beetle bites you!!
You die...

### ## #..... . ##+##
#.##.##.# ##...##
#.##....
##.....###.##..###
##...B@..##.#.....# >.
. .
#.........#.#.....#.#.
. .
+.........'...........
.#.
#.........#.#.....###.#
#..
##.......##...........#
#.#
##.....#####.#########
#.# ##...## #.# #.#
##+## #.# #.# #.# #.#


You could see a goliath beetle.

Vanquished Creatures
  Terence (D:2)
  An adder (D:2)
  2 worms (D:2)
  A giant gecko (D:1)
  An ooze (D:1)
  12 bats
  2 giant cockroaches
  2 goblins (D:1)
  7 hobgoblins
  A ball python (D:1)
  2 giant newts
  4 jackals (D:2)
  8 kobolds
  6 rats
50 creatures vanquished.

Notes
Turn   | Place    | Note
--------------------------------------------------------------
     0 | D:1      | squibie, the Demigod Wanderer, began the quest for the Orb.
     0 | D:1      | squibie set off with: a +2 quarterstaff, a +0 hand crossbow, a potion of lignification, a +0 robe, a +0 dagger, 22 bolts, a bread ration
     0 | D:1      | Reached XP level 1. HP: 18/18 MP: 2/2
    71 | D:1      | Reached skill level 1 in Dodging
   106 | D:1      | Reached XP level 2. HP: 9/25 MP: 3/3
   687 | D:2      | Reached XP level 3. HP: 25/30 MP: 5/5
   723 | D:2      | Noticed Terence
   740 | D:2      | Killed Terence
   740 | D:2      | Reached skill level 3 in Dodging
   977 | D:2      | Found a glowing golden altar of the Shining One.
  1142 | D:2      | Reached XP level 4. HP: 24/37 MP: 7/7
  1143 | D:2      | Reached skill level 1 in Short Blades
  1359 | D:2      | Found a burning altar of Makhleb.
  1612 | D:3      | Mangled by a goliath beetle

Action                   |  1- 3 |  4- 6 || total
-------------------------+-------+-------++-------
Melee: Quarterstaff      |    90 |       ||    90
       Short sword       |    25 |     9 ||    34
       Long sword        |       |    17 ||    17
  Use: Potion            |     1 |     1 ||     2
       Scroll            |       |     3 ||     3
 Stab: Sleeping          |     3 |       ||     3
       Invisible         |     1 |       ||     1
  Eat: Chunk             |     1 |       ||     1
